 Dungeon Crawl Stone Soup version 0.31-a0-204-g7da18cac08 (webtiles) character file.

Game seed: 8005571920446827953

261 qw the Skirmisher (level 5, -4/30 HPs)
             Began as a Deep Elf Hunter on June 27, 2023.
             Slain by Eustachio
             ... wielding a +0 falchion
              (7 damage)
             ... on level 4 of the Dungeon.
             The game lasted 00:00:55 (2635 turns).

qw the Skirmisher (Deep Elf Hunter)                 Turns: 2635, Time: 00:00:56

Health: -4/30      AC:  5    Str: 10    XL:     5   Next: 96%
Magic:  7/7        EV: 11    Int: 14    God:
Gold:   192        SH:  0    Dex: 18    Spells: 4/4 levels left

rFire   . . .        Y - +0 shortbow
rCold   . . .        (shield currently unavailable)
rNeg    . . .        d - +0 ring mail
rPois   .            (no helmet)
rElec   .            (no cloak)
rCorr   .            (no gloves)
SInv    .            (no boots)
Will    .....        i - amulet of faith
Stlth   +            (no ring)
HPRegen 0.25/turn    (no ring)
MPRegen 0.10/turn

%: faith
@: about to teleport
A: no striking features
a: no special abilities


You were on level 4 of the Dungeon.
You visited 1 branch of the dungeon, and saw 4 of its levels.

You collected 192 gold pieces.


   Skills:
 - Level 2.0 Fighting
 + Level 9.3 Ranged Weapons
 - Level 2.4 Dodging
 - Level 1.2 Stealth


You had 4 spell levels left.
You didn't know any spells.
Your spell library was empty.

Inventory:

Hand Weapons
 Y - a +0 shortbow (weapon)
Armour
 d - a +0 ring mail (worn)
 j - a +0 hat of intelligence
Jewellery
 i - an amulet of faith (around neck)
Scrolls
 c - 2 scrolls of blinking {unknown}
 h - a scroll of enchant weapon {unknown}
 k - a scroll of identify {unknown}
 l - a scroll of fear {unknown}
Potions
 a - a potion of lignification {unknown}
 b - a potion of mutation {unknown}
 e - a potion of brilliance {unknown}
 f - a potion of curing {unknown}
 g - a potion of might {unknown}
 n - a potion of degeneration {unknown}

Dungeon Overview and Level Annotations

Branches:
Dungeon (4/15)
 Temple: D:4-7

Altars:
Fedhas
Trog

Annotations:
D:4 Eustachio


Message History

You shoot an arrow.
The arrow hits the iguana but does no damage.
The iguana is heavily wounded.
The rat disappears in a puff of smoke!
Eustachio mumbles some strange words.
The iguana closely misses you.
You shoot an arrow. The arrow hits the iguana.
The iguana is heavily wounded.
The iguana misses you.
Eustachio mumbles some strange words.
You shoot an arrow. The arrow closely misses the iguana.
The arrow closely misses the bat.
The arrow hits the white imp.
The white imp is heavily wounded.
The quasit disappears in a puff of smoke!
The iguana barely misses you.
You shoot an arrow.
The arrow hits the iguana but does no damage.
The iguana is heavily wounded.
Eustachio casts a spell.
Eustachio blinks!
The iguana closely misses you.
You shoot an arrow. The arrow completely misses the iguana.
The arrow hits the bat!
You kill the bat!
The bat's corpse disappears in a puff of smoke!
The iguana closely misses you.
You shoot an arrow. The arrow hits Eustachio!
Eustachio is severely wounded.
Eustachio barely misses you. The iguana bites you!
You shoot an arrow. The arrow hits Eustachio.
Eustachio is almost dead.
Eustachio closely misses you. The iguana bites you.
The iguana completely misses you. Eustachio closely misses you.
You shoot an arrow. The arrow hits Eustachio.
Eustachio is almost dead.
The iguana bites you. Eustachio hits you with a +0 falchion.
2635 ||| READING scroll of teleportation.
As you read the scroll of teleportation, it crumbles to dust.
You feel strangely unstable. The iguana completely misses you.
Eustachio hits you with a +0 falchion!
You die...

............#####.#
#.##########......#
#.##########.######
#............#
..############ ###
#.######## ...)
#........## .....
#######...# ######5....$
...# #...# #..@@lr.....
##.# #...# #.####5r....
##.# #...# #.# ........
##.# #...###.##.# .....
##.####..........#..#...
#.................... ..
.................#..# .
#...............## ..
#####.#.........#


You could see Eustachio, an iguana, an iron imp (summoned), a river rat
(summoned), a white imp (summoned) and a quokka (summoned).

Vanquished Creatures
  A water moccasin (D:4)
  A hound (D:4)
  A sleepcap (D:4)
  2 adders (D:3)
  2 worms (D:2)
  A dart slug (D:3)
  An orc (D:4)
  5 ball pythons
  7 bats
  6 endoplasms
  13 goblins
  8 hobgoblins
  7 jackals (D:1)
  3 quokkas
  3 frilled lizards
  8 kobolds
  2 rats
71 creatures vanquished.

Notes
Turn   | Place    | Note
-------+----------+-------------------------------------------
     0 | D:1      | qw the Deep Elf Hunter began the quest for the Orb.
     0 | D:1      | Reached XP level 1. HP: 12/12 MP: 3/3
     0 | D:1      | 0 ||| qw: Version: 0.3-a-22-g0ed2b0b
     0 | D:1      | 0 ||| qw: Game counter: 6378
     0 | D:1      | 0 ||| qw: Melee chars always use a shield: true
     0 | D:1      | 0 ||| qw: God list: Okawaru
     0 | D:1      | 0 ||| qw: Allow faded altars: false
     0 | D:1      | 0 ||| qw: Do Orc after clearing Dungeon:15 true
     0 | D:1      | 0 ||| qw: Do second Lair branch before Depths: true
     0 | D:1      | 0 ||| qw: Lair rune preference: random
     0 | D:1      | 0 ||| qw: Goals: Normal
     0 | D:1      | 0 ||| PLANNING D:1-11
   147 | D:1      | Reached XP level 2. HP: 16/16 MP: 4/4
   176 | D:1      | Reached skill level 6 in Ranged Weapons
   472 | D:1      | Reached XP level 3. HP: 20/20 MP: 5/5
   647 | D:1      | 647 ||| UPGRADING to +0 ring mail.
   657 | D:1      | 657 ||| DROPPING +0 leather armour.
   658 | D:1      | 658 ||| READING scroll labelled KIAGA IHUB.
   659 | D:1      | 659 ||| DROPPING scroll of butterflies.
   996 | D:2      | Reached skill level 7 in Ranged Weapons
  1402 | D:2      | 1402 ||| UPGRADING to amulet of faith.
  1407 | D:2      | 1407 ||| READING scroll labelled SIUNKAM CISE.
  1408 | D:2      | 1408 ||| READING scroll labelled CAUJAUQOPTO.
  1409 | D:2      | 1409 ||| READING scroll labelled VIR WUHOBAACKE.
  1410 | D:2      | 1410 ||| READING scroll labelled OBUIT DEAPURAPT.
  1459 | D:3      | Reached XP level 4. HP: 25/25 MP: 6/6
  1757 | D:3      | Found a blossoming altar of Fedhas.
  2031 | D:3      | 2031 ||| READING scroll labelled XAESSO BATWIM.
  2046 | D:4      | Found a bloodstained altar of Trog.
  2062 | D:4      | Reached skill level 8 in Ranged Weapons
  2096 | D:4      | Noticed a water moccasin
  2103 | D:4      | Killed a water moccasin
  2104 | D:4      | Reached skill level 9 in Ranged Weapons
  2104 | D:4      | Reached XP level 5. HP: 22/29 MP: 7/7
  2192 | D:4      | HP: 7/29 [sleepcap (18)]
  2611 | D:4      | Noticed Eustachio
  2634 | D:4      | HP: 6/30 [iguana (5)]
  2635 | D:4      | 2635 ||| READING scroll of teleportation.
  2635 | D:4      | Slain by Eustachio

Levels and vault maps discovered:
D:1:      amcnicky_arrival_choice, layout_basic
D:2:      layout_loops_ring, minmay_joined_circles
D:3:      layout_basic, mainiacjoe_overflow_surrounded_room
D:4:      layout_loops_cross, trog_three_pillars_becter, uniq_eustachio

Skill      XL: |  1  2  3  4  5 |
---------------+----------------+-----
Ranged Weapons | 6 7 9 |  9.3
Fighting       | 2 |  2.0
Dodging        | |  2.4
Stealth        | |  1.2

Action                     |  1- 3 |  4- 6 || total
---------------------------+-------+-------++-------
   Fire: Shortbow          |   127 |    84 ||   211
    Use: Scroll            |     5 |     2 ||     7
 Armour: Leather armour    |     4 |       ||     4
         Ring mail         |    10 |    11 ||    21
  Dodge: Dodged            |    37 |    29 ||    66

Table legend:
 A = Non-vault XP
 B = Vault XP
 C = Vault XP percentage of total XP
 D = Non-vault monster count
 E = Vault monster count
 F = Vault count percentage of total count
                 A         B        C        D         E       F
            +---------+---------+-------+---------+---------+-------
      Total |     363 |      10 |   2.7 |      65 |       6 |   8.5
            +---------+---------+-------+---------+---------+-------
        D:1 |      48 |       0 |   0.0 |      26 |       0 |   0.0
        D:2 |      29 |      10 |  25.6 |      13 |       6 |  31.6
        D:3 |      53 |       0 |   0.0 |      17 |       0 |   0.0
        D:4 |     233 |       0 |   0.0 |       9 |       0 |   0.0
            +---------+---------+-------+---------+---------+-------
